 Dungeon Crawl Stone Soup version 0.31-a0-219-g8d62b2e7bb (webtiles) character file.

Game seed: 6604948693559682842

1000 olmar the Digger (level 7, -17/51 HPs)
             Began as a Demigod Earth Elementalist on July 3, 2023.
             Demolished by an ogre
             ... wielding a +0 giant club
              (30 damage)
             ... on level 5 of the Dungeon.
             The game lasted 00:07:48 (4020 turns).

olmar the Digger (Demigod Earth Elementalist)       Turns: 4020, Time: 00:07:48

Health: -17/51     AC:  3    Str:  9    XL:     7   Next: 67%
Magic:  14/18      EV: 12    Int: 25    God:
Gold:   104        SH:  0    Dex: 14    Spells: 7/17 levels left

rFire   . . .        c - staff of earth
rCold   + . .        (no shield)
rNeg    . . .        a - +1 robe
rPois   +            (no helmet)
rElec   .            (no cloak)
rCorr   .            (no gloves)
SInv    .            (no boots)
Will    .....        (no amulet)
Stlth   ++           j - ring of poison resistance
HPRegen 0.28/turn    s - ring of protection from cold
MPRegen 0.16/turn

%: no passive effects
@: studying Air Magic
A: high MP 1, forlorn, divine attributes
a: no special abilities


You were on level 5 of the Dungeon.
You visited 1 branch of the dungeon, and saw 5 of its levels.

You collected 104 gold pieces.

Inventory:

Hand Weapons
 k - a +2 dagger of flaming
Missiles
 h - 10 poisoned darts
Armour
 a - a +1 robe (worn)
 q - an orb of mayhem
Magical Staves
 c - a staff of earth (weapon)
Jewellery
 d - a ring of positive energy
 j - a ring of poison resistance (left hand)
 l - a +6 ring of dexterity
 s - a ring of protection from cold (right hand)
Wands
 p - a wand of flame (9)
 y - a wand of light (9)
Scrolls
 e - 2 scrolls of teleportation
 f - a scroll of silence
Potions
 b - 2 potions of magic
 g - a potion of brilliance {unknown}
 t - a potion of enlightenment
 u - a potion of mutation {unknown}
 w - a potion of attraction {unknown}
 z - a potion of degeneration {unknown}


   Skills:
 + Level 0.4 Fighting
 + Level 0.2 Staves
 + Level 2.7 Dodging
 + Level 2.5 Stealth
 + Level 5.5 Spellcasting
 + Level 0.7 Conjurations
 + Level 0.8 Transmutations
 + Level 5.8 Earth Magic


You had 7 spell levels left.
You knew the following spells:

 Your Spells              Type           Power      Damage    Failure   Level
a - Sandblast             Erth           100%       2d20      1%          1
b - Passwall              Tmut/Erth      29%        N/A       3%          2
c - Stone Arrow           Conj/Erth      70%        3d11      6%          3
d - Animate Armour        Summ/Erth      64%        N/A       22%         4

Your spell library contained the following spells:

 Spells                   Type           Power      Damage    Failure   Level
 Petrify                  Tmut/Erth      35%        N/A       21%         4
 Passage of Golubria      Tloc           6%         N/A       61%         4
 Silence                  Hex/Air        3%         N/A       91%         5
 Lehudib's Crystal Spear  Conj/Erth      17%        10d5      100%        8


Dungeon Overview and Level Annotations

Branches:
Dungeon (5/15)
 Temple: D:4-7

Annotations:
D:3 Sigmund


Innate Abilities, Weirdness & Mutations

You have an increased reservoir of magic. (+10% MP)
You shall have no god before yourself.
Your divine heritage dramatically boosts your attributes as you level up.


Message History

You feel a surge of power!
The blast of sand hits the phantom.
The phantom is severely damaged.
The phantom hits you!
The phantom blinks!
You blink.
A kobold demonologist and an ogre come into view.
The phantom misses you.
You feel a surge of power!
The blast of sand hits the phantom!!
You destroy the phantom!
The kobold demonologist shouts!
You feel a surge of power!
The blast of sand hits the kobold demonologist.
The kobold demonologist is lightly wounded.
The kobold demonologist hits you with a +0 dagger. x2
You feel a surge of power!
The blast of sand hits the kobold demonologist.
The kobold demonologist is lightly wounded.
The kobold demonologist hits you with a +0 dagger.
Unknown command.
Aiming: Bolt of Light
Press: ? - help, Shift-Dir - straight line, f - ogre, p - kobold demonologist
Aim: an ogre, wielding a +0 giant club (86% to hit)
The bolt of light hits the kobold demonologist!
The kobold demonologist is moderately wounded.
The kobold demonologist is blinded.
The bolt of light misses the ogre.
Unknown command.
Unknown command.
The ogre attacks as you move away!
The ogre hits you with a +0 giant club!!
* * * LOW HITPOINT WARNING * * *
A sleepcap comes into view.
Aiming: Bolt of Light
Press: ? - help, Shift-Dir - straight line, f/p - ogre
Aim: an ogre, wielding a +0 giant club (86% to hit)
The bolt of light hits the ogre!
The ogre is heavily wounded.
The ogre is blinded.
The bolt of light hits the kobold demonologist!
The kobold demonologist is severely wounded.
The ogre hits you with a +0 giant club!!
Ouch! That really hurt!
You die...

≈≈≈ .~# ## ~.# #≈≈ #.#
### ###########.# #
............#
#.###.....########
######K.#..###........##
#.f...O@..##.##.#.###...
#.#.#.#.#.#.#.#...# #.##
#.#.#.#.#.#.### #.#
#.#.#.#.#.#.# ..#
.#.#.#.#.##.# .###
##########..# ## .#. ..
. ## #


You could see a kobold demonologist (blind), an ogre (blind) and a sleepcap.

Vanquished Creatures
  Eustachio (D:5)
  A water moccasin (D:5)
  An ogre (D:5)
  A phantom (D:5)
  A scorpion (D:4)
  4 crimson imps (D:4)
  A hound (D:5)
  An orc priest (D:5)
  2 iguanas (D:5)
  3 orc wizards
  10 adders
  2 river rats (D:5)
  A shadow imp (D:5)
  An ufetubus (D:5)
  A worm (D:5)
  4 dart slugs
  10 orcs
  8 ball pythons
  3 bats
  5 endoplasms
  3 giant cockroaches
  4 goblins (D:1)
  5 hobgoblins
  4 jackals (D:3)
  8 kobolds
  A quokka (D:3)
  2 frilled lizards
  9 rats
97 creatures vanquished.

Notes
Turn   | Place    | Note
-------+----------+-------------------------------------------
     0 | D:1      | olmar the Demigod Earth Elementalist began the quest for
                  | the Orb.
     0 | D:1      | Reached XP level 1. HP: 14/14 MP: 5/5
   260 | D:1      | Reached XP level 2. HP: 19/20 MP: 0/7
   520 | D:1      | Learned a level 2 spell: Passwall
  1128 | D:2      | Reached XP level 3. HP: 17/26 MP: 4/9
  1132 | D:2      | Learned a level 3 spell: Stone Arrow
  1907 | D:3      | You fall into a shaft and drop 2 floors!
  1907 | D:5      | Entered Level 5 of the Dungeon
  2174 | D:4      | Reached XP level 4. HP: 16/33 MP: 4/11
  2705 | D:3      | Noticed Sigmund
  3174 | D:4      | Reached XP level 5. HP: 38/38 MP: 8/13
  3290 | D:4      | Reached XP level 6. HP: 45/45 MP: 10/15
  3297 | D:4      | Learned a level 4 spell: Animate Armour
  3500 | D:5      | Noticed Eustachio
  3504 | D:5      | Killed Eustachio
  3505 | D:5      | Reached skill level 5 in Earth Magic
  3505 | D:5      | Reached XP level 7. HP: 34/50 MP: 5/17
  3529 | D:5      | Reached skill level 5 in Spellcasting
  4014 | D:5      | Noticed a kobold demonologist
  4020 | D:5      | Demolished by an ogre

Illustrated notes

Levels and vault maps discovered:
D:1:      minmay_arrival_four_loops, layout_basic
D:2:      layout_loops_ring, kennysheep_decorative_pillar,
          kennysheep_another_room
D:3:      layout_basic, mainiacjoe_overflow_concentric_impassable,
          shapermc_ecumenical_altar_gd, uniq_sigmund
D:4:      layout_basic, led_xom_imps, grunt_temple_overflow_diamond
D:5:      layout_loops_ring, tgw_fedhas, lightli_sewer_entry_pipes,
          serial_rivers, chequers_serial_rivers_small_3,
          chequers_serial_rivers_micro_d, chequers_serial_rivers_small_3,
          chequers_serial_rivers_micro_e, chequers_serial_rivers_large_a,
          chequers_serial_rivers_room_a, hangedman_decor_opposing,
          hangedman_abyss_or_decor_stagger, minmay_manual_maat, uniq_eustachio

Skill      XL: |  1  2  3  4  5  6  7 |
---------------+----------------------+-----
Stealth        | 2 |  2.5
Spellcasting   | 2 3 4 5 |  5.5
Earth Magic    | 3 4 5 |  5.8
Dodging        | 2 |  2.7
Fighting       | |  0.4
Staves         | |  0.2
Conjurations   | |  0.7
Transmutations | |  0.8

Action                     |  1- 3 |  4- 6 |  7- 9 || total
---------------------------+-------+-------+-------++-------
  Melee: Staff             |     2 |    18 |    10 ||    30
         Punch             |       |     1 |       ||     1
   Cast: Sandblast         |    60 |    53 |    36 ||   149
         Stone Arrow       |       |     2 |     1 ||     3
         Animate Armour    |       |     1 |       ||     1
  Evoke: Wand              |       |       |     2 ||     2
    Use: Scroll            |     2 |     3 |     8 ||    13
         Potion            |       |       |     2 ||     2
 Armour: Robe              |     4 |    12 |     1 ||    17
         Skin              |       |       |   101 ||   101
  Dodge: Dodged            |    16 |    31 |    23 ||    70

Table legend: (Time is in decaauts)
 A = Elapsed time spent in this place.
 B = Non-inter-level travel time spent in this place.
 C = Inter-level travel time spent in this place.
 D = Time resting spent in this place.
 E = Time spent auto-exploring this place.
 F = Levels seen in this place.
 G = Mean time per level.
                   A        B        C        D        E       F      G
               +--------+--------+--------+--------+--------+-----+--------+
         Total |   4138 |   3915 |    223 |    360 |   2667 |   5 |  827.6 |
       Dungeon |   4138 |   3915 |    223 |    360 |   2667 |   5 |  827.6 |
               +--------+--------+--------+--------+--------+-----+--------+

Top non-repeatable levels by time:
     D:1: 1053 daAuts
     D:4: 901 daAuts
     D:2: 872 daAuts
     D:3: 703 daAuts
     D:5: 607 daAuts
